 Dungeon Crawl Stone Soup version 0.31-a0-145-g046c7d2549 (webtiles) character file.

Game seed: 13178170556581283291

958 vineage the Trooper (level 8, -11/50 HPs)
             Began as a Gargoyle Fighter on June 6, 2023.
             Mangled by an ogre
             ... wielding a +0 giant spiked club
              (20 damage)
             ... on level 5 of the Dungeon.
             The game lasted 00:05:40 (4870 turns).

vineage the Trooper (Gargoyle Fighter)              Turns: 4870, Time: 00:05:41

Health: -11/50     AC: 14    Str: 21    XL:     8   Next: 14%
Magic:  8/8        EV:  9    Int: 10    God:
Gold:   246        SH:  5    Dex:  9    Spells: 7/7 levels left

rFire   . . .        a - +1 trident
rCold   . . .        c - +0 buckler
rNeg    + . .        b - +0 scale mail
rPois   ∞            (no helmet)
rElec   +            (no cloak)
rCorr   .            (no gloves)
SInv    .            i - +0 pair of boots
Will    .....        (no amulet) Stlth
                     (no ring)
HPRegen 0.28/turn    (no ring)
MPRegen 0.11/turn

%: no passive effects
@: mighty, weakened, attractive, hasted, invisible, very quick
A: sickness immunity, AC +5, negative energy resistance 1, electricity
resistance, torment resistance 1, petrification resistance
a: no special abilities


You were on level 5 of the Dungeon.
You visited 2 branches of the dungeon, and saw 6 of its levels.
You also visited: Sewer.

You collected 246 gold pieces.

Inventory:

Hand Weapons
 a - a +1 trident (weapon)
Armour
 b - a +0 scale mail (worn)
 c - a +0 buckler (worn)
 i - a +0 pair of boots (worn)
Wands
 p - a wand of acid (11)
Scrolls
 l - 2 scrolls of enchant weapon
 m - a scroll of immolation
 u - a scroll of fear
Potions
 d - a potion of might
 g - a potion of degeneration {unknown}
 h - a potion of magic {unknown}
 j - a potion of attraction
 k - a potion of brilliance {unknown}
 o - 3 potions of mutation
 s - a potion of cancellation {unknown}
 t - a potion of haste


   Skills:
 + Level 5.5 Fighting
 * Level 5.5 Polearms
 + Level 5.4 Armour
 + Level 5.5 Shields


You had 7 spell levels left.
You didn't know any spells.
Your spell library contained the following spells:

 Spells                   Type           Power      Damage    Failure   Level
 Summon Small Mammal      Summ           0%         N/A       75%         1
 Static Discharge         Conj/Air       0%         2-2/arc   87%         2
 Call Canine Familiar     Summ           0%         N/A       98%         3
 Summon Guardian Golem    Hex/Summ       0%         N/A       98%         3
 Airstrike                Air            0%         2d(0-16)  100%        4
 Summon Lightning Spire   Summ/Air       0%         N/A       100%        4


Dungeon Overview and Level Annotations

Branches:
Dungeon (5/15)             Temple (1/1) D:5           Sewer (visited)

Altars:
Dithmenos
Elyvilon
Fedhas
Gozag
Makhleb
Nemelex Xobeh
Sif Muna
Trog
Uskayaw
Vehumet
Xom
Yredelemnul
The Shining One

Annotations:
D:5 Eustachio


Innate Abilities, Weirdness & Mutations

You are immune to sickness and miasma.
Your stone body is resilient. (AC +5)
You are immune to poison.
You resist negative energy. (rN+)
You are resistant to electric shocks. (rElec)
You are resistant to unholy torment.
You are immune to petrification.


Message History

The gnoll bouda is attracted toward you.
The sleepcap is attracted toward you.
The gnoll hits you from afar with a +0 spear.
* * * LOW HITPOINT WARNING * * *
The gnoll bouda gazes fiercely through you!
You feel your attacks grow feeble. The gnoll is attracted toward you.
The gnoll bouda is attracted toward you.
The sleepcap is attracted toward you. The gnoll is attracted toward you.
The gnoll bouda is attracted toward you.
The gnoll is attracted toward you.
It was a potion of invisibility.
You fade into invisibility!
The gnoll hits you but does no damage.
You hit the gnoll.
The gnoll is heavily wounded.
The gnoll hits you but does no damage. The gnoll is attracted toward you.
A gnoll comes into view. It is wielding a +0 spear.
The gnoll shouts!
You puncture the gnoll!
You kill the gnoll!
The gnoll shouts!
You hear a shout!
The ogre is attracted toward you.
The gnoll bouda is attracted toward you.
The gnoll is attracted toward you. x2
A gnoll comes into view.
It is wielding the +4 dagger of the Pits of Slime {flame, *Corrode rF+ Will+ SInv}.
You hit the ogre.
The ogre is lightly wounded.
The gnoll shouts!
The ogre closely misses you. The adder is attracted toward you.
You puncture the ogre!
The ogre is heavily wounded.
The gnoll hits you but does no damage.
An ufetubus comes into view.
The ufetubus is attracted toward you.
You puncture the ogre!
The ogre is severely wounded.
The ogre hits you with a +0 giant spiked club!!
You die...

........## ###.##
.....§...# #..# ##
.........# ##.###.
.....§5..# #.....
..§..§...# #+####
......fgg# .....§.gg#
#......#O# ########@#
#.# #.# ### #... #..
##..### ##.. ....# #...
###.# #####.#.
###.#####.....##
####.####r........#####


You could see an ogre (unable to see you), a sleepcap (unable to see you), a
gnoll bouda (unable to see you), 3 gnolls and an ufetubus (wandering, unable to
see you).

Vanquished Creatures
  An ice beast (D:5)
  A phantom (D:4)
  2 scorpions
  2 bullfrogs (Sewer)
  A hound (D:4)
  An orc priest (D:4)
  2 jellies
  An iguana (D:5)
  4 orc wizards
  A sleepcap (D:5)
  A scorpion zombie (D:2)
  A gnoll (D:5)
  9 adders
  4 river rats (Sewer)
  An adder zombie (D:2)
  3 dart slugs
  10 orcs
  5 endoplasms
  5 giant cockroaches
  5 goblins
  5 hobgoblins
  5 jackals
  10 quokkas
  18 ball pythons
  2 ball python skeletons (D:2)
  4 bats
  7 frilled lizards
  4 kobolds
  A quokka skeleton (D:2)
  27 rats
143 creatures vanquished.

Notes
Turn   | Place    | Note
-------+----------+-------------------------------------------
     0 | D:1      | vineage the Gargoyle Fighter began the quest for the Orb.
     0 | D:1      | Reached XP level 1. HP: 14/14 MP: 1/1
   174 | D:1      | Reached XP level 2. HP: 19/19 MP: 2/2
   956 | D:2      | Reached XP level 3. HP: 20/24 MP: 3/3
  1254 | D:2      | Reached XP level 4. HP: 28/29 MP: 4/4
  1762 | D:2      | Reached XP level 5. HP: 22/33 MP: 5/5
  2189 | D:3      | Identified the +1 robe of the Forest {Fly Str+4}
  2233 | D:3      | Found a burning altar of Makhleb.
  2449 | D:4      | Reached XP level 6. HP: 33/39 MP: 6/6
  2866 | D:4      | Found a glowing drain.
  2872 | D:4      | Reached XP level 7. HP: 33/44 MP: 7/7
  2899 | Sewer    | Entered a sewer
  3354 | Sewer    | Reached skill level 5 in Fighting
  3415 | Sewer    | Reached skill level 5 in Armour
  3415 | Sewer    | Reached skill level 5 in Shields
  3687 | D:4      | HP: 1/44 [orc priest/+0 flail (5)]
  3690 | D:4      | Reached skill level 5 in Polearms
  3933 | D:4      | Found a hide-covered altar of Uskayaw.
  4054 | D:5      | Entered Level 5 of the Dungeon
  4106 | D:5      | Found a staircase to the Ecumenical Temple.
  4133 | Temple   | Entered the Ecumenical Temple
  4568 | D:5      | Reached XP level 8. HP: 30/50 MP: 8/8
  4811 | D:5      | Noticed Eustachio
  4868 | D:5      | Identified the +4 dagger of the Pits of Slime {flame,
                  | *Corrode rF+ Will+ SInv}
  4870 | D:5      | Mangled by an ogre

Illustrated notes

Levels and vault maps discovered:
D:1:      dpeg_arrival_fog, layout_basic, serial_curves, eino_curves_03,
          eino_curves_01
D:2:      layout_loops_ring, serial_undead, serial_undead_a, serial_undead_e,
          serial_undead_c, serial_undead_c, serial_undead_d, serial_undead_f,
          serial_undead_a, minmay_tetromino_s4
D:3:      layout_rooms, lemuel_crystal_altar
D:4:      layout_gridville, kennysheep_mini_moat, gup_sewer_entry_pipe,
          guppyfry_early_lair_pool
D:5:      layout_rooms, gammafunk_temple_overflow_pools,
          minmay_temple_entry_junction, uniq_eustachio
Temple:   chequers_temple_sunken

Skill      XL: |  1  2  3  4  5  6  7 |
---------------+----------------------+-----
Polearms       | 2 3 4 5 |  5.5
Fighting       | 4 5 |  5.5
Armour         | 4 5 |  5.4
Shields        | 4 5 |  5.5

Action                     |  1- 3 |  4- 6 |  7- 9 || total
---------------------------+-------+-------+-------++-------
  Melee: Trident           |   101 |   238 |   325 ||   664
    Use: Scroll            |     1 |     5 |     6 ||    12
         Potion            |       |     1 |     5 ||     6
 Armour: Scale mail        |    48 |   136 |   206 ||   390
  Dodge: Dodged            |    36 |    96 |   166 ||   298
  Block: Buckler           |    12 |    40 |   101 ||   153

Table legend: (Time is in decaauts)
 A = Elapsed time spent in this place.
 B = Non-inter-level travel time spent in this place.
 C = Inter-level travel time spent in this place.
 D = Time resting spent in this place.
 E = Time spent auto-exploring this place.
 F = Levels seen in this place.
 G = Mean time per level.
                   A        B        C        D        E       F      G
               +--------+--------+--------+--------+--------+-----+--------+
         Total |   5063 |   4911 |    152 |    365 |   3389 |   7 |  723.3 |
       Dungeon |   4001 |   3880 |    121 |    365 |   2632 |   5 |  800.2 |
        Temple |    360 |    329 |     31 |      0 |    324 |   1 |  360.0 |
         Sewer |    701 |    701 |      0 |      0 |    433 |   1 |  701.0 |
               +--------+--------+--------+--------+--------+-----+--------+

Top non-repeatable levels by time:
     D:4: 1059 daAuts
     D:2: 985 daAuts
     D:1: 947 daAuts
   Sewer: 701 daAuts
     D:5: 509 daAuts
     D:3: 498 daAuts
  Temple: 360 daAuts
